cohdb
Replays
Latest Replays
All Replays
Popular Replays
Top Player Replays
Match Explorer
How It Works
Community
CoH3 Stats
Reddit
Sign in to upload your games and track your stats! →
Sign in with Steam
Match 43944665
Unlisted
Match 43944665
Overview
Messages
Build Orders
End
Kradschützen Motorcycle Team
Panzergrenadier Squad
Panzergrenadier Squad
Panzergrenadier Squad
Construct Light Support Kompanie
2.5-tonne Medical Truck
Fire Support Elements
Veteran Squad Leaders
Selects Panzerjäger Kommand Battlegroup
Selects Mine Fields
Selects Defensive Positions
Pak 38 Mechanized Group
Construct Panzerarmee Kommand
Vehicle Survival Package
Flakvierling Half-track
Selects Butterfly Bomb Drop
Selects Tank Busters
Selects Crew Shock Tactics
Combat Half-tracks
Butterfly Bomb Drop
Walking Stuka Rocket Launcher
Pak 38 Mechanized Group
Samar
✠Defender
MrGlaucus
BmAAn
Anticafe
Onkor
Commander Z
Mystery
0
0
Comments
sign in to comment!
No comments posted yet!